 Dungeon Crawl Stone Soup version 0.25-a0-1119-g28b6fd0c3b (webtiles) character file.

Game seed: 10102547294554499166, levelgen mode: deterministic

21 Esekla the Magician (level 2, -9/17 HPs)
             Began as an Octopode Wizard on May 17, 2020.
             Mangled by a phantom (10 damage)
             ... on level 3 of the Dungeon.
             The game lasted 00:07:17 (826 turns).

Esekla the Magician (Octopode Wizard)                Turns: 826, Time: 00:07:17

Health: -9/17      AC:  1    Str:  6    XL:     2   Next: 83%
Magic:  4/6        EV: 13    Int: 20    God:
Gold:   29         SH:  0    Dex: 10    Spells: 5/8 levels left

rFire    . . .     SeeInvis .   i - +3 dagger (flame)
rCold    . . .     Gourm    .   (no shield)
rNeg     . . .     Faith    .   a - +0 hat
rPois    .         Spirit   .   (no amulet)
rElec    .         Reflect  .   (no ring)
rCorr    .         Harm     .   (no ring)
MR       .....                  (no ring)
Stlth    +++.......             (no ring)
HPRegen  0.05/turn              (no ring)
MPRegen  0.10/turn              (no ring)
                                (no ring)
                                (no ring)

@: no status effects
A: almost no armour, stealthy swim, amphibious, 8 rings, constrict 8, camouflage
1, gelatinous body 1
a: no special abilities


You were on level 3 of the Dungeon.
You were not hungry.

You visited 1 branch of the dungeon, and saw 4 of its levels.

You collected 29 gold pieces.

Inventory:

Hand Weapons
 i - a +3 dagger of flaming (weapon)
Armour
 a - a +0 hat (worn)
Scrolls
 b - 3 scrolls of immolation {unknown}
 d - 2 scrolls of remove curse {unknown}
 e - 3 scrolls of identify {unknown}
 g - a scroll of enchant armour {unknown}
Potions
 f - a potion of ambrosia {unknown}
 h - a potion of invisibility {unknown}
Comestibles
 c - 8 rations
 j - a chunk of flesh


   Skills:
 * Level 2.1 Dodging
 - Level 2.9 Stealth
 * Level 3.5 Spellcasting
 * Level 1.1 Conjurations
   Level 1.0 Summonings
 * Level 1.0 Translocations


You had 5 spell levels left.
You knew the following spells:

 Your Spells              Type           Power        Failure   Level  Hunger
a - Magic Dart            Conj           #...         9%          1    None
b - Blink                 Tloc           N/A          13%         2    ##.....

Your spell library contained the following spells:

 Spells                   Type           Power        Failure   Level  Hunger
 Call Imp                 Summ           #.......     14%         2    ##.....
 Slow                     Hex            #.......     21%         2    ##.....
 Conjure Flame            Conj/Fire      #.......     32%         3    ###....
 Mephitic Cloud           Conj/Pois/Air  #.......     34%         3    ###....


Dungeon Overview and Level Annotations

Branches:
Dungeon (4/15)
 Temple: D:4-7

Altars:


Innate Abilities, Weirdness & Mutations

You cannot wear most types of armour.
You are very stealthy in the water. (Stealth+)
You are amphibious.
You can wear up to eight rings at the same time.
You can use your tentacles to constrict eight enemies at once.
Your skin changes colour to match your surroundings (Stealth+).
Your rubbery body absorbs attacks. (AC +1, EV +1)


Message History

Press: ? - help, Shift-Dir - straight line, f - phantom
Aim: a phantom (lightly damaged)
The magic dart hits the phantom.
The phantom is lightly damaged.
The phantom blinks!
You closely miss the phantom.
The phantom is lightly damaged.
The phantom closely misses you.
You closely miss the phantom. Your squeeze misses the phantom.
The phantom is lightly damaged.
The phantom hits you.
* * * LOW HITPOINT WARNING * * *
You closely miss the phantom.
The phantom is lightly damaged.
The phantom completely misses you.
You hit the phantom. You burn the phantom.
The phantom is moderately damaged.
The phantom hits you!
Ouch! That really hurt!
You die...

#.###.##..w.#.......##.##
#.# #.##.##.#.###.#.###.####
#.###.##.##.#.##....##..)..[
##...###.##...#.....#..#####
##รท## #.###.#w...........#
#.# #.# #...........##.# #.#
#.#####.....######.# #.#
#.##.W........# ##.## #.#
#.##@####.###.###.#.# #.#
#.#..# #........###. #.#
#..#.# ######.###.#.. #.#
###..###...........#.
#.######...........#######
#.......#.###.######
########.## #.# #...# #.#
#.#.# #.#


You could see a phantom.

Vanquished Creatures
  4 bats (D:1)
  3 giant cockroaches
  3 goblins (D:3)
  2 hobgoblins (D:1)
  A kobold (D:1)
  A quokka (D:3)
  3 frilled lizards
  A rat (D:3)
18 creatures vanquished.

Notes
Turn   | Place    | Note
-------+----------+-------------------------------------------
     0 | D:1      | Esekla the Octopode Wizard began the quest for the Orb.
     0 | D:1      | Reached XP level 1. HP: 11/11 MP: 4/4
   355 | D:1      | Reached XP level 2. HP: 17/17 MP: 3/6
   403 | D:1      | Learned a level 2 spell: Blink
   813 | D:4      | Noticed a phantom
   826 | D:3      | Mangled by a phantom

Illustrated notes

Levels and vault maps discovered:
D:1:      heliophobic_arrival_enchanted_forest, layout_basic, minivault_4
D:2:      layout_basic, lemuel_doored_altar
D:3:      layout_loops_ring, first_ration
D:4:      layout_rooms, grunt_temple_overflow_open,
          grunt_temple_overflow_forces_of_nature, uniq_edmund,
          uniq_crazy_yiuf_cottage

Action                   || total
-------------------------++-------
Melee: Unarmed           ||    10
       Constrict         ||     4
       Dagger            ||    19
 Cast: Magic Dart        ||    27
 Stab: Sleeping          ||     3
Armor: Skin              ||     2
Dodge: Dodged            ||    16

Table legend:
 A = Non-vault XP
 B = Vault XP
 C = Vault XP percentage of total XP
 D = Non-vault monster count
 E = Vault monster count
 F = Vault count percentage of total count
                 A         B        C        D         E       F
            +---------+---------+-------+---------+---------+-------
      Total |      30 |       0 |   0.0 |      18 |       0 |   0.0
            +---------+---------+-------+---------+---------+-------
        D:1 |      16 |       0 |   0.0 |      10 |       0 |   0.0
        D:3 |      12 |       0 |   0.0 |       7 |       0 |   0.0
        D:4 |       2 |       0 |   0.0 |       1 |       0 |   0.0
            +---------+---------+-------+---------+---------+-------
